AoeStats
← vWave.

Oasis

508521988Analyzed
2v2 RM · 9d ago on Sep 22, 2026· 71m 26s· 4 players
Game mode
Random Map
Map size
Medium (4 player)
Population
200
Speed
Normal
Resources
Standard
Victory
Conquest
Starting age
Dark Age
Ending age
Imperial Age
RankedLock teamsTeams togetherTeam positionsShared explorationLock speedFull tech treeHidden civsTurbo modeCheats
Victory
Defeat
🇹🇭 Celts · Thailand
946
+15
🇹🇭 Teutons · Thailand
932
+16
🇧🇷 Lithuanians · Brazil
945
-16
🇺🇾 Teutons · Uruguay
911
-15
vWave.
11:23 Feudal Age
12:38 Double-Bit Axe
20:09 Castle Age
22:39 Horse Collar
27:20 Wheelbarrow
27:04 Scale Barding Armor
29:23 Gold Mining
29:42 Heavy Plow
30:34 Bow Saw
36:33 Imperial Age
33:52 Loom
33:53 Town Watch
34:24 Hand Cart
38:00 Chain Barding Armor
38:51 Cavalier
39:42 Bloodlines
40:04 Ballistics
40:44 Chemistry
40:28 Paladin
42:49 Forging
42:30 Fletching
42:45 Scale Mail Armor
42:46 Padded Archer Armor
47:31 Conscription
46:35 Elite Teutonic Knight
49:52 Chain Mail Armor
49:53 Leather Archer Armor
50:13 Plate Barding Armor
CarameloDe12
11:00 Feudal Age
14:35 Castle Age
12:25 Horse Collar
12:32 Double-Bit Axe
14:29 Forging
14:24 Scale Barding Armor
14:17 Gold Mining
21:25 Heavy Plow
23:24 Wheelbarrow
27:44 Imperial Age
26:37 Hand Cart
26:08 Loom
27:19 Stone Mining
29:11 Bow Saw
29:34 Crop Rotation
29:54 Town Watch
30:54 Fletching
32:08 Stone Shaft Mining
32:13 Bodkin Arrow
32:39 Town Patrol
33:50 Coinage
35:49 Banking
36:25 Chemistry
36:07 Guilds
35:58 Caravan
37:18 Two-Man Saw
37:48 Iron Casting
37:18 Scale Barding Armor
37:14 Bracer
38:53 Chain Barding Armor
38:47 Bloodlines
38:38 Husbandry
40:50 Plate Barding Armor
40:51 Ballistics
40:12 Treadmill Crane
40:09 Elite Leitis
41:30 Conscription
42:41 Conscription
42:30 Elite Leitis
45:48 Padded Archer Armor
45:46 Murder Holes
46:02 Masonry
46:02 Capped Ram
47:38 Leather Archer Armor
47:56 Architecture
48:24 Hoardings
47:49 Hill Forts
48:29 Thumb Ring
47:44 Crossbowman
48:38 Heavy Cavalry Archer
52:21 Cavalier
53:48 Ring Archer Armor
56:50 Heated Shot
61:02 Paladin
63:34 Bombard Tower
69:10 Tower Shields
70:32 Light Cavalry
Cody
12:20 Feudal Age
19:42 Castle Age
17:29 Loom
18:11 Stone Mining
18:04 Horse Collar
19:52 Double-Bit Axe
21:52 Wheelbarrow
25:54 Bow Saw
25:45 Heavy Plow
28:32 Pikeman
29:13 Squires
35:05 Imperial Age
34:06 Fortified Wall
35:15 Halberdier
37:17 Two-Man Saw
36:42 Forging
36:32 Scale Mail Armor
36:56 Conscription
36:38 Town Watch
37:10 Hand Cart
39:15 Iron Casting
38:55 Chain Mail Armor
43:06 Onager
45:53 Crop Rotation
47:40 Blast Furnace
47:11 Plate Mail Armor
48:44 Siege Onager
49:35 Siege Engineers
Zozimbo
0:30 Loom
10:08 Feudal Age
17:02 Castle Age
17:59 Horse Collar
18:13 Stone Mining
18:11 Double-Bit Axe
26:34 Heavy Plow
29:30 Gold Mining
30:21 Stone Shaft Mining
30:06 Pikeman
30:33 Arson
31:41 Scale Mail Armor
31:52 Forging
34:29 Imperial Age
33:17 Chain Mail Armor
34:20 Wheelbarrow
34:35 Elite Woad Raider
36:37 Furor Celtica
37:05 Halberdier
44:41 Plate Mail Armor
44:18 Town Watch
47:03 Elite Skirmisher
47:48 Padded Archer Armor
47:38 Fletching
51:46 Husbandry
51:08 Cavalier
55:23 Leather Archer Armor
55:04 Bodkin Arrow
55:14 Scale Barding Armor
54:40 Paladin
58:43 Chemistry
57:28 Arrowslits
68:30 Hand Cart
68:17 Town Patrol
68:34 Bow Saw
Connection lost

Rejoining the realm…

Still unreachable

The connection could not be restored.

Session expired

The server has moved on; the page needs a fresh start.